 Dungeon Crawl Stone Soup version 0.30-a0-373-gd37427b (webtiles) character file.

Game seed: 4373998324949880033

100 Dorkslayer the Chopper (level 4, 0/40 HPs)
             Began as a Hill Orc Fighter on Nov 24, 2022.
             Slain by a black bear (5 damage)
             ... on level 4 of the Dungeon.
             The game lasted 00:04:34 (2108 turns).

Dorkslayer the Chopper (Hill Orc Fighter)           Turns: 2108, Time: 00:04:35

Health: 0/40       AC:  8    Str: 24    XL:     4   Next: 74%
Magic:  4/4        EV:  9    Int: 10    God:
Gold:   101        SH:  4    Dex: 10    Spells: 3/3 levels left

rFire   . . .      SeeInvis .    a - +0 war axe
rCold   . . .      Faith    .    c - +0 buckler
rNeg    . . .      Spirit   .    b - +0 scale mail
rPois   .          Reflect  .    (no helmet)
rElec   .          Harm     .    (no cloak)
rCorr   .          Rampage  .    o - +0 pair of gloves
Will    .....                    (no boots)
Stlth   ..........               (no amulet)
HPRegen 0.26/turn                g - +6 ring of strength
MPRegen 0.09/turn                (no ring)

@: no status effects
A: no striking features
a: no special abilities


You were on level 4 of the Dungeon.
You visited 1 branch of the dungeon, and saw 4 of its levels.

You collected 101 gold pieces.

Inventory:

Hand Weapons
 a - a +0 war axe (weapon)
Missiles
 d - a throwing net (quivered)
Armour
 b - a +0 scale mail (worn)
 c - a +0 buckler (worn)
 o - a +0 pair of gloves (worn)
Jewellery
 g - a +6 ring of strength (left hand)
Scrolls
 h - 3 scrolls of fear {unknown}
 j - a scroll of blinking {unknown}
 m - 2 scrolls of teleportation {unknown}
 n - a scroll of noise {unknown}
 p - 2 scrolls of enchant weapon {unknown}
 q - a scroll of enchant armour {unknown}
 r - 2 scrolls of torment {unknown}
 s - 2 scrolls of magic mapping {unknown}
Potions
 e - a potion of brilliance
 f - 2 potions of berserk rage
 i - a potion of attraction {unknown}
 k - 3 potions of resistance
 l - a potion of flight {unknown}


   Skills:
 + Level 4.1 Fighting
 + Level 4.4 Axes
 + Level 3.9 Armour
 + Level 4.1 Shields


You had 3 spell levels left.
You didn't know any spells.
Your spell library contained the following spells:

 Spells                   Type           Power      Damage    Failure   Level
 Magic Dart               Conj           0%         1d3       75%         1
 Sandblast                Erth           0%         2d4       75%         1
 Call Imp                 Summ           0%         N/A       87%         2
 Passwall                 Tmut/Erth      0%         N/A       87%         2
 Gell's Gravitas          Tloc           0%         N/A       98%         3
 Lesser Beckoning         Tloc           0%         N/A       98%         3
 Mephitic Cloud           Conj/Pois/Air  0%         N/A       98%         3
 Stone Arrow              Conj/Erth      0%         3d7       98%         3
 Teleport Other           Tloc           0%         N/A       98%         3


Dungeon Overview and Level Annotations

Branches:
Dungeon (4/15)
 Temple: D:4-7

Altars:
Ashenzari
Makhleb


Message History

The black bear struggles against the net.
You hit the black bear but do no damage.
The black bear struggles against the net.
You hit the black bear.
The black bear is lightly wounded.
The black bear struggles against the net. x2
The net rips apart, and the black bear comes free!
You hit the black bear.
The black bear is moderately wounded.
The black bear bites you. You block the black bear's attack.
The black bear claws you but does no damage.
You hit the black bear.
The black bear is moderately wounded.
The black bear barely misses you. You block the black bear's attack.
The black bear closely misses you.
You slash the black bear!
The black bear is severely wounded.
The black bear goes berserk!
The black bear barely misses you.
The black bear claws you but does no damage.
You block the black bear's attack.
You barely miss the black bear.
The black bear is severely wounded.
The black bear bites you! You block the black bear's attack.
The black bear claws you but does no damage.
The black bear bites you. You block the black bear's attack.
The black bear claws you but does no damage.
You hit the black bear.
The black bear is severely wounded.
The black bear barely misses you. The black bear claws you.
The black bear claws you but does no damage.
You closely miss the black bear.
The black bear is severely wounded.
The black bear bites you!
* * * LOW HITPOINT WARNING * * *
The black bear claws you.
* * * LOW HITPOINT WARNING * * *
The black bear closely misses you.
The black bear bites you but does no damage.
The black bear claws you.
You die...

#####>.......'...∩≈≈≈##
###......#≈≈≈≈≈≈≈#
#......#≈≈≈≈≈≈≈#
##.....##≈≈≈≈≈##
#...### ###### #..##
######..### ..........#
.......@..# .......h..#
♣♣♣♣♣♣♣...# ♣...# ♣...#
♣...# ♣...# ♣...#


You could see a black bear (berserk).

Vanquished Creatures
  4 gnolls (D:3)
  An adder (D:3)
  3 dart slugs (D:1)
  An orc (D:3)
  5 endoplasms
  A giant cockroach (D:3)
  8 goblins
  A hobgoblin (D:1)
  3 jackals (D:1)
  2 quokkas
  6 ball pythons
  2 bats
  A frilled lizard (D:3)
  3 kobolds
  3 rats
44 creatures vanquished.

Notes
Turn   | Place    | Note
-------+----------+-------------------------------------------
     0 | D:1      | Dorkslayer the Hill Orc Fighter began the quest for the
                  | Orb.
     0 | D:1      | Reached XP level 1. HP: 19/19 MP: 1/1
   137 | D:1      | Reached XP level 2. HP: 22/27 MP: 2/2
   427 | D:1      | Reached XP level 3. HP: 33/33 MP: 3/3
   703 | D:2      | Found a faded altar of an unknown god.
  1754 | D:3      | Found a broken altar of Ashenzari.
  1883 | D:3      | Reached XP level 4. HP: 40/40 MP: 4/4
  2074 | D:4      | Found a burning altar of Makhleb.
  2095 | D:4      | Noticed a black bear
  2108 | D:4      | Slain by a black bear

Illustrated notes

Levels and vault maps discovered:
D:1:      sevenhm_arrival_forest_fort_small_5, layout_basic,
          minmay_misc_feat_doors, serial_bayou_ford_a, minmay_hedge_maze
D:2:      layout_basic, ebering_ecumenical_altar_petrified, grunt_decor_clamped
D:3:      layout_rooms, mainiacjoe_overflow_surrounded_room
D:4:      layout_cave_pools, kennysheep_mini_moat, old_standard_altar,
          worldfamousw_hep_ancestral_shrine, nicolae_tso_swordbearing_angel,
          mainiacjoe_overflow_chevrons, st_stairs_9, serial_park_tiny_pond,
          kennysheep_flooded_box

Skill      XL: |  1  2  3 |
---------------+----------+-----
Axes           | 3 4 |  4.4
Fighting       | 4 |  4.1
Shields        | 4 |  4.1
Armour         | |  3.9

Action                   |  1- 3 |  4- 6 || total
-------------------------+-------+-------++-------
Melee: War axe           |   102 |    19 ||   121
Throw: Throwing net      |       |     1 ||     1
  Use: Scroll            |     3 |       ||     3
       Potion            |     2 |       ||     2
Armor: Scale mail        |    60 |    13 ||    73
Dodge: Dodged            |    47 |     7 ||    54
Block: Buckler           |    22 |     7 ||    29

Table legend: (Time is in decaauts)
 A = Elapsed time spent in this place.
 B = Non-inter-level travel time spent in this place.
 C = Inter-level travel time spent in this place.
 D = Time resting spent in this place.
 E = Time spent auto-exploring this place.
 F = Levels seen in this place.
 G = Mean time per level.
                   A        B        C        D        E       F      G
               +--------+--------+--------+--------+--------+-----+--------+
         Total |   2171 |   2171 |      0 |      0 |   1117 |   4 |  542.8 |
       Dungeon |   2171 |   2171 |      0 |      0 |   1117 |   4 |  542.8 |
               +--------+--------+--------+--------+--------+-----+--------+

Top non-repeatable levels by time:
     D:2: 897 daAuts
     D:1: 692 daAuts
     D:3: 488 daAuts
     D:4: 93 daAuts
